 Dungeon Crawl Stone Soup version 0.30-a0-160-gcfceee88d3 (webtiles) character file.

Game seed: 9137495393881790561

1747 qw the Cleaver (level 9, 0/55 HPs)
             Began as a Gargoyle Fighter on Sept 27, 2022.
             Was an Initiate of Okawaru.
             Slain by an orc warrior
             ... wielding a +0 vorpal scimitar
              (12 damage)
             ... on level 7 of the Dungeon.
             The game lasted 00:02:33 (8320 turns).

qw the Cleaver (Gargoyle Fighter)                   Turns: 8320, Time: 00:02:33

Health: 0/55       AC: 16    Str: 24    XL:     9   Next: 6%
Magic:  9/9        EV:  8    Int:  9    God:    Okawaru [......]
Gold:   385        SH:  4    Dex:  9    Spells: 8/8 levels left

rFire   . . .      SeeInvis .    Y - +0 war axe
rCold   . . .      Faith    .    c - +0 buckler
rNeg    + . .      Spirit   .    f - +0 chain mail
rPois   inf        Reflect  .    e - +0 helmet
rElec   +          Harm     .    (no cloak)
rCorr   .          Rampage  .    (no gloves)
Will    .....                    (no boots)
Stlth   ..........               (no amulet)
HPRegen 0.18/turn                (no ring)
MPRegen 0.11/turn                (no ring)

@: no status effects
A: sickness immunity, AC +6, negative energy resistance 1, electricity
resistance, torment resistance 1, petrification resistance
a: Renounce Religion


You were on level 7 of the Dungeon.
You worshipped Okawaru.
Okawaru was noncommittal.
You visited 2 branches of the dungeon, and saw 8 of its levels.

You collected 385 gold pieces.


Innate Abilities, Weirdness & Mutations

You are immune to sickness and miasma.
Your stone body is resilient. (AC +6)
You are immune to poison.
You resist negative energy. (rN+)
You are resistant to electric shocks. (rElec)
You are resistant to unholy torment.
You are immune to petrification.


   Skills:
 + Level 5.9 Fighting
 - Level 8.0 Axes
 - Level 2.0 Throwing
 - Level 3.2 Armour
 - Level 4.3 Dodging
 - Level 3.2 Shields


You had 8 spell levels left.
You didn't know any spells.
Your spell library was empty.

Inventory:

Hand Weapons
 k - a +0 morningstar
 Y - a +0 war axe (weapon)
Armour
 c - a +0 buckler (worn)
 e - a +0 helmet (worn)
 f - a +0 chain mail (worn)
Scrolls
 a - a scroll of identify
 l - a scroll of teleportation {unknown}
Potions
 b - a potion of haste
 d - 2 potions of might
 g - a potion of resistance {unknown}
 h - 5 potions of curing
 i - 3 potions of lignification
 m - a potion of attraction

Dungeon Overview and Level Annotations

Branches:
Dungeon (7/15)             Temple (1/1) D:6

Altars:
Ashenzari
Cheibriados
Dithmenos
Fedhas
Hepliaklqana
Kikubaaqudgha
Nemelex Xobeh
Okawaru
Qazlal
Ru
Sif Muna
Trog
Uskayaw
Vehumet
Wu Jian
Xom
Yredelemnul
The Shining One

Shops:
D:1 ?


Message History

The orc hits you with a +0 dagger.
You slash the orc warrior!
The orc warrior is moderately wounded.
You slash the orc!
You kill the orc!
Okawaru accepts your kill. You block the orc warrior's attack.
You barely miss the orc warrior.
The orc warrior is moderately wounded.
You barely miss the orc priest.
The orc priest calls upon Beogh to heal the orc warrior.
The orc warrior is healed somewhat.
The orc warrior hits you with a +0 vorpal scimitar.
The orc priest hits you but does no damage.
The orc warrior hits you with a +0 vorpal scimitar.
You closely miss the orc warrior.
The orc warrior is lightly wounded.
You slash the orc priest!
The orc priest hits you but does no damage.
The orc warrior completely misses you.
You completely miss the orc priest.
The orc priest is severely wounded.
You hit the orc warrior but do no damage.
The orc priest hits you but does no damage.
The orc warrior hits you with a +0 vorpal scimitar.
You hit the orc priest.
You kill the orc priest!
Okawaru accepts your kill.
You barely miss the orc warrior. You block the orc warrior's attack.
You hit the orc warrior.
The orc warrior is moderately wounded.
The orc warrior hits you with a +0 vorpal scimitar!
You barely miss the orc warrior.
The orc warrior is moderately wounded.
The orc warrior hits you with a +0 vorpal scimitar!
You slash the orc warrior!
The orc warrior is severely wounded.
The orc warrior hits you with a +0 vorpal scimitar!
You die...

#...# ###### #...#
#....# #...# #....#####
#...#######....##...
.........#....##)..
...####.......#....##...
.......)o.....'.....'..<
#@......#....##...
#!......#######...
#.......# #... #######
#.......# #... ......#
######### #... ......#
#... ......# ####
....>.# ......# #


You could see an orc warrior.

Vanquished Creatures
  Pikel (D:4)
  Eustachio (D:4)
  A steam dragon (D:6)
  An ice beast (D:6)
  A phantom (D:6)
  4 lemures (D:4)
  A bullfrog (D:7)
  5 scorpions
  3 hounds
  A jelly (D:6)
  2 orc priests
  3 iguanas
  2 orc wizards
  Robin (D:2)
  2 adders
  6 gnolls
  A shadow imp (D:5)
  A white imp (D:7)
  2 worms
  4 dart slugs
  20 orcs
  4 ball pythons
  4 endoplasms
  A giant cockroach (D:1)
  12 hobgoblins
  4 jackals (D:4)
  3 quokkas
  3 frilled lizards
  14 goblins
  17 kobolds
  2 rats (D:2)
127 creatures vanquished.

Vanquished Creatures (others)
  2 plants (D:5)
2 creatures vanquished.

Grand Total: 129 creatures vanquished

Notes
Turn   | Place    | Note
-------+----------+-------------------------------------------
     0 | D:1      | qw the Gargoyle Fighter began the quest for the Orb.
     0 | D:1      | Reached XP level 1. HP: 14/14 MP: 1/1
     0 | D:1      | 0 ||| qw: Version: 0.2-a-10-g37ed214
     0 | D:1      | 0 ||| qw: Game counter: 592
     0 | D:1      | 0 ||| qw: Always use a shield: true
     0 | D:1      | 0 ||| qw: God list: Okawaru
     0 | D:1      | 0 ||| qw: Allow faded altars: false
     0 | D:1      | 0 ||| qw: Do Orc after D:15 true
     0 | D:1      | 0 ||| qw: Do second Lair branch before Depths: true
     0 | D:1      | 0 ||| qw: Lair rune preference: random
     0 | D:1      | 0 ||| qw: Plans: Normal, Zot:1-4, God:TSO, Crypt, Tomb,
                  | Pan, Slime:5, Hells, Abyss, Orb
     0 | D:1      | 0 ||| PLANNING D:1-11
    67 | D:1      | Reached skill level 2 in Axes
   304 | D:1      | 304 ||| Stepping ~*~*~tactically~*~*~ (stealth).
   311 | D:1      | Reached XP level 2. HP: 13/19 MP: 2/2
   322 | D:1      | 322 ||| Stepping ~*~*~tactically~*~*~ (stealth).
   693 | D:1      | Found Suchol's Magic Scroll Boutique.
   698 | D:1      | 698 ||| SHOPLISTING 2 scrolls of brand weapon (228 gold,
                  | have 22).
   698 | D:1      | 698 ||| SHOPLISTING scroll of identify (24 gold, have 22).
   698 | D:1      | 698 ||| SHOPLISTING scroll of teleportation (36 gold, have
                  | 22).
   898 | D:1      | 898 ||| DROPPING +0 club.
  1197 | D:1      | 1197 ||| DROPPING scarf of harm.
  1198 | D:1      | 1198 ||| READING scroll labelled NIEN BILAI.
  1199 | D:1      | 1199 ||| READING scroll labelled ATHYTI ERYEDO.
  1200 | D:1      | 1200 ||| DRINKING 2 fuming green potions.
  1288 | D:2      | 1288 ||| Stepping ~*~*~tactically~*~*~ (stealth).
  1296 | D:2      | Reached skill level 3 in Axes
  1356 | D:2      | Reached XP level 3. HP: 14/23 MP: 3/3
  1507 | D:2      | 1507 ||| Stepping ~*~*~tactically~*~*~ (hiding).
  1703 | D:2      | 1703 ||| Stepping ~*~*~tactically~*~*~ (hiding).
  1706 | D:2      | 1706 ||| Stepping ~*~*~tactically~*~*~ (hiding).
  1864 | D:2      | Noticed Robin
  1872 | D:2      | Killed Robin
  1876 | D:2      | HP: 4/23 [goblin/+0 dagger[Robin] (3)]
  2010 | D:2      | 2010 ||| Stepping ~*~*~tactically~*~*~ (stealth).
  2210 | D:2      | 2210 ||| Stepping ~*~*~tactically~*~*~ (stealth).
  2214 | D:2      | Reached XP level 4. HP: 25/28 MP: 4/4
  2214 | D:2      | 2214 ||| FLEEEEING.
  2215 | D:2      | 2215 ||| FLEEEEING.
  2220 | D:2      | 2220 ||| FLEEEEING.
  2249 | D:2      | 2249 ||| Stepping ~*~*~tactically~*~*~ (stealth).
  2250 | D:2      | 2250 ||| Stepping ~*~*~tactically~*~*~ (stealth).
  2326 | D:2      | Reached skill level 4 in Axes
  2437 | D:2      | 2437 ||| Stepping ~*~*~tactically~*~*~ (stealth).
  2584 | D:2      | Found a faded altar of an unknown god.
  2630 | D:2      | 2630 ||| Stepping ~*~*~tactically~*~*~ (stealth).
  2631 | D:2      | 2631 ||| Stepping ~*~*~tactically~*~*~ (stealth).
  2706 | D:2      | 2706 ||| UPGRADING to +0 helmet.
  2711 | D:2      | 2711 ||| UPGRADING to +0 chain mail.
  2721 | D:2      | 2721 ||| DROPPING +0 scale mail.
  2722 | D:2      | 2722 ||| READING scroll labelled JEUHEACOIMP.
  2806 | D:3      | Found a hide-covered altar of Uskayaw.
  2807 | D:3      | Found a basalt altar of Yredelemnul.
  2900 | D:3      | 2900 ||| Stepping ~*~*~tactically~*~*~ (stealth).
  2901 | D:3      | 2901 ||| Stepping ~*~*~tactically~*~*~ (stealth).
  3131 | D:3      | 3131 ||| Stepping ~*~*~tactically~*~*~ (stealth).
  3132 | D:3      | 3132 ||| Stepping ~*~*~tactically~*~*~ (stealth).
  3275 | D:3      | Found a bloodstained altar of Trog.
  3515 | D:3      | 3515 ||| READING scroll labelled WUMUFIXZAO.
  3516 | D:3      | 3516 ||| READING scroll labelled KININE LOMUNOE.
  3517 | D:3      | 3517 ||| READING scroll labelled XAZARAF QEFA.
  3618 | D:3      | 3618 ||| DRINKING 2 smoky emerald potions.
  3619 | D:3      | 3619 ||| DROPPING potion of flight.
  3711 | D:4      | You fall into a shaft and drop 3 floors!
  3748 | D:7      | 3748 ||| READING scroll labelled XIKUWIP ANOUKK.
  3749 | D:7      | 3749 ||| DRINKING 2 glowing silvery potions.
  3776 | D:6      | Noticed a scorpion
  3786 | D:6      | Killed a scorpion
  3787 | D:6      | Reached XP level 5. HP: 26/32 MP: 5/5
  3856 | D:6      | Reached skill level 5 in Axes
  4062 | D:6      | Noticed a phantom
  4063 | D:6      | 4063 ||| Stepping ~*~*~tactically~*~*~ (stealth).
  4064 | D:6      | 4064 ||| Stepping ~*~*~tactically~*~*~ (stealth).
  4081 | D:6      | Killed a phantom
  4082 | D:6      | Reached XP level 6. HP: 18/37 MP: 6/6
  4340 | D:5      | Entered Level 5 of the Dungeon
  4346 | D:5      | Reached XP level 7. HP: 38/43 MP: 7/7
  4386 | D:5      | Reached skill level 6 in Axes
  4451 | D:5      | Found a broken altar of Ashenzari.
  4602 | D:5      | 4602 ||| READING scroll labelled GEOGID BOUJ.
  4603 | D:5      | 4603 ||| DRINKING 2 amethyst potions.
  4620 | D:4      | 4620 ||| Stepping ~*~*~tactically~*~*~ (hiding).
  4663 | D:4      | 4663 ||| Stepping ~*~*~tactically~*~*~ (hiding).
  4824 | D:4      | 4824 ||| DROPPING +0 mace.
  4871 | D:4      | Noticed Pikel
  4890 | D:4      | HP: 10/43 [Pikel/puff of flame (8)]
  4891 | D:4      | 4891 ||| DRINKING 2 potions of heal wounds.
  4897 | D:4      | HP: 9/43 [Pikel/+2 whip of flaming (7)]
  4898 | D:4      | 4898 ||| DRINKING potion of heal wounds.
  4908 | D:4      | Killed Pikel
  4909 | D:4      | Reached XP level 8. HP: 14/48 MP: 8/8
  5257 | D:4      | Noticed Eustachio
  5259 | D:4      | 5259 ||| Stepping ~*~*~tactically~*~*~ (hiding).
  5282 | D:4      | Killed Eustachio
  5361 | D:4      | 5361 ||| Stepping ~*~*~tactically~*~*~ (stealth).
  5444 | D:4      | 5444 ||| Stepping ~*~*~tactically~*~*~ (stealth).
  5732 | D:4      | 5732 ||| READING scroll labelled MOITORYAJE.
  5733 | D:4      | 5733 ||| DRINKING 3 ruby potions.
  5765 | D:4      | 5765 ||| READING 2 scrolls of identify.
  5765 | D:4      | 5765 ||| IDENTIFYING fizzy emerald potion
  5766 | D:4      | 5766 ||| DROPPING potion of degeneration.
  5813 | D:5      | 5813 ||| Stepping ~*~*~tactically~*~*~ (hiding).
  5829 | D:5      | Reached skill level 7 in Axes
  5928 | D:5      | Found a glowing golden altar of the Shining One.
  5961 | D:5      | 5961 ||| FLEEEEING.
  5962 | D:5      | 5962 ||| FLEEEEING.
  5963 | D:5      | 5963 ||| FLEEEEING.
  5964 | D:5      | 5964 ||| FLEEEEING.
  5965 | D:5      | 5965 ||| FLEEEEING.
  5966 | D:5      | 5966 ||| FLEEEEING.
  5967 | D:5      | 5967 ||| FLEEEEING.
  5973 | D:5      | 5973 ||| FLEEEEING.
  5974 | D:5      | 5974 ||| FLEEEEING.
  5975 | D:5      | 5975 ||| FLEEEEING.
  5976 | D:5      | 5976 ||| FLEEEEING.
  5977 | D:5      | 5977 ||| FLEEEEING.
  5978 | D:5      | 5978 ||| FLEEEEING.
  5979 | D:5      | 5979 ||| FLEEEEING.
  5980 | D:5      | 5980 ||| FLEEEEING.
  5981 | D:5      | 5981 ||| FLEEEEING.
  5984 | D:5      | 5984 ||| FLEEEEING.
  5985 | D:5      | 5985 ||| FLEEEEING.
  5986 | D:5      | 5986 ||| FLEEEEING.
  5987 | D:5      | 5987 ||| FLEEEEING.
  5988 | D:5      | 5988 ||| FLEEEEING.
  5995 | D:5      | 5995 ||| FLEEEEING.
  5996 | D:5      | 5996 ||| FLEEEEING.
  5997 | D:5      | 5997 ||| FLEEEEING.
  5998 | D:5      | 5998 ||| FLEEEEING.
  5999 | D:5      | 5999 ||| FLEEEEING.
  6000 | D:5      | 6000 ||| FLEEEEING.
  6001 | D:5      | 6001 ||| FLEEEEING.
  6002 | D:5      | 6002 ||| FLEEEEING.
  6003 | D:5      | 6003 ||| FLEEEEING.
  6004 | D:5      | 6004 ||| FLEEEEING.
  6005 | D:5      | 6005 ||| FLEEEEING.
  6006 | D:5      | 6006 ||| FLEEEEING.
  6007 | D:5      | 6007 ||| FLEEEEING.
  6008 | D:5      | 6008 ||| FLEEEEING.
  6013 | D:5      | 6013 ||| STAIRDANCE
  6129 | D:5      | 6129 ||| Stepping ~*~*~tactically~*~*~ (hiding).
  6529 | D:5      | 6529 ||| Stepping ~*~*~tactically~*~*~ (stealth).
  6603 | D:5      | 6603 ||| Stepping ~*~*~tactically~*~*~ (hiding).
  6609 | D:5      | 6609 ||| DRINKING 5 potions of curing.
  6609 | D:5      | 6609 ||| (to cure confusion)
  6681 | D:5      | 6681 ||| READING 2 scrolls of identify.
  6681 | D:5      | 6681 ||| IDENTIFYING glowing emerald potion
  6695 | D:6      | Found a staircase to the Ecumenical Temple.
  6696 | D:6      | 6696 ||| PLANNING TEMPLE
  6840 | D:6      | 6840 ||| Stepping ~*~*~tactically~*~*~ (stealth).
  6842 | D:6      | 6842 ||| Stepping ~*~*~tactically~*~*~ (stealth).
  6843 | D:6      | 6843 ||| Stepping ~*~*~tactically~*~*~ (stealth).
  6980 | Temple   | Entered the Ecumenical Temple
  7042 | Temple   | 7042 ||| PLANNING OKAWARU WORSHIP
  7281 | Temple   | Became a worshipper of Warmaster Okawaru
  7282 | Temple   | 7282 ||| PLANNING D:1-11
  7366 | D:6      | 7366 ||| Stepping ~*~*~tactically~*~*~ (stealth).
  7380 | D:6      | 7380 ||| Stepping ~*~*~tactically~*~*~ (stealth).
  7404 | D:6      | 7404 ||| Stepping ~*~*~tactically~*~*~ (hiding).
  7405 | D:6      | 7405 ||| Stepping ~*~*~tactically~*~*~ (hiding).
  8170 | D:7      | 8170 ||| Stepping ~*~*~tactically~*~*~ (stealth).
  8175 | D:7      | Reached skill level 8 in Axes
  8189 | D:7      | Reached XP level 9. HP: 46/54 MP: 9/9
  8237 | D:7      | 8237 ||| Stepping ~*~*~tactically~*~*~ (stealth).
  8238 | D:7      | 8238 ||| Stepping ~*~*~tactically~*~*~ (stealth).
  8242 | D:7      | 8242 ||| Stepping ~*~*~tactically~*~*~ (stealth).
  8244 | D:7      | 8244 ||| Stepping ~*~*~tactically~*~*~ (hiding).
  8282 | D:7      | Found the +7 staff of the Meek {protect, meekguard}
  8319 | D:7      | HP: 12/55 [orc warrior/+0 vorpal scimitar (2)]
  8320 | D:7      | Slain by an orc warrior

Levels and vault maps discovered:
D:1:      dpeg_arrival_stonehenge_8_columns, layout_basic, serial_shops, shop
D:2:      layout_basic, basic_ecumenical_altar, uniq_robin
D:3:      layout_loops_ring, nicolae_overflow_squiral, bloody_trog
D:4:      layout_gridville, uniq_eustachio, uniq_pikel
D:5:      layout_gridville, mainiacjoe_overflow_boulevard, tso_oasis_becter,
          water_boxes_lemuel
D:6:      layout_layer_cave, minmay_temple_entry_hall,
          hangedman_decor_slide_cut, minmay_misc_feat_columns,
          minmay_unpleasant_kobolds
D:7:      layout_basic, enter_bailey_3, uniq_maggie
Temple:   compressed_dpeg_triangle_lava_temple

Skill      XL: |  1  2  3  4  5  6  7  8 |
---------------+-------------------------+-----
Axes           | 2 3 4 5 6 8 |  8.0
Throwing       | 2 |  2.0
Fighting       | 4 5 |  5.9
Dodging        | 4 |  4.3
Armour         | |  3.2
Shields        | |  3.2

Action                   |  1- 3 |  4- 6 |  7- 9 || total
-------------------------+-------+-------+-------++-------
Melee: War axe           |    98 |   116 |   270 ||   484
Throw: Boomerang         |       |     7 |     5 ||    12
  Use: Scroll            |     2 |     5 |     4 ||    11
       Potion            |     1 |     2 |     5 ||     8
Armor: Scale mail        |    66 |     6 |       ||    72
       Chain mail        |       |    58 |   155 ||   213
Dodge: Dodged            |    41 |    42 |    91 ||   174
Block: Buckler           |    17 |    20 |    54 ||    91

Table legend:
 A = Non-vault XP
 B = Vault XP
 C = Vault XP percentage of total XP
 D = Non-vault monster count
 E = Vault monster count
 F = Vault count percentage of total count
                 A         B        C        D         E       F
            +---------+---------+-------+---------+---------+-------
      Total |    1638 |     859 |  34.4 |     103 |      20 |  16.3
            +---------+---------+-------+---------+---------+-------
        D:1 |      23 |       0 |   0.0 |      14 |       0 |   0.0
        D:2 |      57 |      37 |  39.4 |      22 |      12 |  35.3
        D:3 |      29 |       0 |   0.0 |      12 |       0 |   0.0
        D:4 |     151 |     813 |  84.3 |      18 |       2 |  10.0
        D:5 |     323 |       0 |   0.0 |      15 |       0 |   0.0
        D:6 |     863 |       9 |   1.0 |      13 |       6 |  31.6
        D:7 |     192 |       0 |   0.0 |       9 |       0 |   0.0
            +---------+---------+-------+---------+---------+-------
